 Dungeon Crawl Stone Soup version 0.23.2-1-ga50397a (webtiles) character file.

Game seed: 18367589406116844336

1788 redwoodhats the Ducker (level 9, -2/103 HPs)
             Began as a Gnoll Gladiator on May 14, 2019.
             Slain by an iguana (7 damage)
             ... on level 7 of the Dungeon.
             The game lasted 00:27:44 (5687 turns).

redwoodhats the Ducker (Gnoll Gladiator)            Turns: 5687, Time: 00:27:45

Health: -2/103     AC:  9    Str: 24    XL:     9   Next: 8%
Magic:  16/16      EV: 18    Int: 12    God:
Gold:   321        SH:  0    Dex: 21    Spells: 15/15 levels left

rFire    . . .     SeeInvis +   E - +5 falchion "Killer Klown's Death" {slice, rN+}
rCold    . . .     Gourm    .   (no shield)
rNeg     + . .     Faith    .   n - +0 leather armour (curse)
rPois    .         Spirit   .   o - +3 helmet of Xarownek {+Blink Dex+3}
rElec    .         Reflect  .   (no cloak)
rCorr    .         Harm     .   (no gloves)
MR       .....                  t - +1 pair of boots
Stlth    ..........             (no amulet)
HPRegen  0.27/turn              k - ring of see invisible
MPRegen  0.15/turn              (no ring)

@: berserking, very quick
A: distributed training, fangs 1, high mp 1, strong 1, strong nose
a: Evoke Blink


You were on level 7 of the Dungeon.
You were not hungry.

You visited 1 branch of the dungeon, and saw 7 of its levels.

You collected 321 gold pieces.

Inventory:

Hand Weapons
 a - a +0 trident
 u - a +0 morningstar
 z - a +0 whip
 B - a +2 vampiric rapier
 C - a +0 shortbow
 E - the +5 falchion "Killer Klown's Death" (weapon) {slice, rN+}
   (You found it on level 6 of the Dungeon)

   It inflicts extra damage upon your enemies.
   It protects you from negative energy.
Missiles
 d - 3 throwing nets (quivered)
 w - 3 poisoned tomahawks
 D - 84 arrows
Armour
 b - a +0 leather armour
 c - a +0 helmet
 l - a cursed +0 leather armour
 n - a cursed +0 leather armour (worn)
 o - the +3 helmet of Xarownek (worn) {+Blink Dex+3}
   (You found it on level 4 of the Dungeon)

   It affects your dexterity (+3).
   It lets you blink.
 r - a +2 helmet of see invisible
 t - a +1 pair of boots (worn)
Jewellery
 k - a ring of see invisible (left hand)
Wands
 s - a wand of enslavement (23)
 x - a wand of iceblast (3)
Scrolls
 g - a scroll of enchant armour
 h - a scroll of immolation {unknown}
 i - 4 scrolls of fog
 m - a scroll of blinking
 p - 5 scrolls of remove curse
 v - a scroll of enchant weapon {unknown}
 y - a scroll of random uselessness {unknown}
 A - a scroll of fear
Potions
 e - 3 potions of flight
 q - a potion of mutation
Comestibles
 f - 3 rations


   Skills:
 + Level 6.0 Fighting
 + Level 3.8 Short Blades
 + Level 3.8 Long Blades
 + Level 3.8 Axes
 + Level 3.8 Maces & Flails
 + Level 7.6 Polearms
 + Level 3.8 Staves
 + Level 3.8 Slings
 + Level 3.8 Bows
 + Level 3.8 Crossbows
 + Level 6.0 Throwing
 + Level 3.8 Armour
 + Level 7.6 Dodging
 + Level 3.8 Stealth
 + Level 3.8 Shields
 + Level 3.8 Unarmed Combat
 + Level 3.8 Spellcasting
 + Level 3.1 Conjurations
 + Level 3.1 Hexes
 + Level 3.1 Charms
 + Level 3.1 Summonings
 + Level 3.1 Necromancy
 + Level 3.1 Translocations
 + Level 3.1 Transmutations
 + Level 3.1 Fire Magic
 + Level 3.1 Ice Magic
 + Level 3.1 Air Magic
 + Level 3.1 Earth Magic
 + Level 3.1 Poison Magic
 + Level 4.2 Invocations
 + Level 3.8 Evocations


You had 15 spell levels left.
You didn't know any spells.
Your spell library was empty.

Dungeon Overview and Level Annotations

Branches:
Dungeon (7/15)             Temple (0/1) D:4

Altars:
Hepliaklqana
Okawaru
Ru
Trog
Uskayaw


Innate Abilities, Weirdness & Mutations

Your experience applies equally to all skills.
You have very sharp teeth.
Your uncanny sense of smell can sniff out nearby items.
You have an increased reservoir of magic. (+10% MP)
Your muscles are strong. (Str +2)


Message History

You hit the manticore.
You bite the manticore, but do no damage.
The manticore is severely wounded.
You carefully extract the barbed spikes from your body.
A warg comes into view.
The crimson imp hits the plant.
The iguana bites you.
* * * LOW HITPOINT WARNING * * *
The manticore bites you.
* * * LOW HITPOINT WARNING * * *
The manticore completely misses you. The manticore claws you!
* * * LOW HITPOINT WARNING * * *
The warg howls!
You hear a shout!
Quiver which item? (- for none, * to show all) (? for menu, Esc to quit)
Okay, then.
It was a potion of berserk rage.
A red film seems to cover your vision as you go berserk!
You feel yourself moving faster!
You feel mighty!
The crimson imp hits the plant but does no damage.
The iguana bites you!
You die... ≈≈≈....# .# #+ #≈≈P...#.# .# #. #≈≈....#.. .# . #oo

#≈≈....#.###.###.#
≈≈#####≈≈....#.#.......#
≈≈≈≈≈≈≈≈≈/...#.#.#.#####
≈≈≈≈≈≈≈≈≈....#.#.#.#
.......P.....#.#.#.#####
..h...5H@...............
#.....Wl........<.......
####.#########>..#.#####
.. #####......... ...
...#....##### ..
#.#.#†....# .
#.........# #.........#
#.........#


You could see a manticore, a phantom, a warg, an iguana, a crimson imp and 2
orcs.

Vanquished Creatures
  A hungry ghost (D:6)
  An orc warrior (D:6)
  A phantom (D:6)
  A black bear (D:6)
  An ogre (D:5)
  A necrophage (D:6)
  2 centaurs (D:6)
  2 bullfrogs (D:6)
  6 killer bees (D:6)
  A howler monkey (D:4)
  2 crimson imps (D:6)
  A bullfrog zombie (D:6)
  2 iguanas
  An orc wizard (D:3)
  4 worker ants
  2 killer bee zombies
  2 hound zombies
  A hound skeleton (D:4)
  A worker ant zombie (D:5)
  Robin (D:2)
  2 howler monkey skeletons (D:6)
  11 adders
  2 adder skeletons
  2 worms
  2 dart slugs (D:2)
  6 leopard geckos
  15 orcs
  A ball python (D:2)
  5 bats
  5 giant cockroaches
  10 hobgoblins
  7 jackals
  A quokka (D:2)
  9 frilled lizards
  A giant cockroach zombie (D:6)
  16 goblins
  7 kobolds
  A leopard gecko skeleton (D:4)
  6 rats
143 creatures vanquished.

Notes
Turn   | Place    | Note
-------+----------+-------------------------------------------
     0 | D:1      | redwoodhats the Gnoll Gladiator began the quest for the
                  | Orb.
     0 | D:1      | Reached XP level 1. HP: 20/20 MP: 1/1
   273 | D:1      | Reached XP level 2. HP: 21/26 MP: 2/2
   735 | D:2      | Reached XP level 3. HP: 31/31 MP: 3/3
   804 | D:2      | Found a sacrificial altar of Ru.
   974 | D:2      | Reached skill level 1 in Invocations
  1001 | D:2      | Reached skill level 1 in Short Blades
  1001 | D:2      | Reached skill level 1 in Long Blades
  1001 | D:2      | Reached skill level 1 in Axes
  1001 | D:2      | Reached skill level 1 in Maces & Flails
  1001 | D:2      | Reached skill level 1 in Staves
  1001 | D:2      | Reached skill level 1 in Slings
  1001 | D:2      | Reached skill level 1 in Bows
  1001 | D:2      | Reached skill level 1 in Crossbows
  1001 | D:2      | Reached skill level 1 in Armour
  1001 | D:2      | Reached skill level 1 in Stealth
  1001 | D:2      | Reached skill level 1 in Shields
  1001 | D:2      | Reached skill level 1 in Unarmed Combat
  1001 | D:2      | Reached skill level 1 in Spellcasting
  1001 | D:2      | Reached skill level 1 in Evocations
  1099 | D:2      | Reached XP level 4. HP: 26/38 MP: 5/5
  1224 | D:2      | Noticed Robin
  1284 | D:2      | Killed Robin
  1377 | D:2      | Found an iron altar of Okawaru.
  1506 | D:2      | Reached skill level 1 in Conjurations
  1506 | D:2      | Reached skill level 1 in Hexes
  1506 | D:2      | Reached skill level 1 in Charms
  1506 | D:2      | Reached skill level 1 in Summonings
  1506 | D:2      | Reached skill level 1 in Necromancy
  1506 | D:2      | Reached skill level 1 in Translocations
  1506 | D:2      | Reached skill level 1 in Transmutations
  1506 | D:2      | Reached skill level 1 in Fire Magic
  1506 | D:2      | Reached skill level 1 in Ice Magic
  1506 | D:2      | Reached skill level 1 in Air Magic
  1506 | D:2      | Reached skill level 1 in Earth Magic
  1506 | D:2      | Reached skill level 1 in Poison Magic
  1563 | D:2      | Found a hide-covered altar of Uskayaw.
  1945 | D:3      | Reached XP level 5. HP: 20/43 MP: 5/7
  3002 | D:4      | Found a bloodstained altar of Trog.
  3225 | D:4      | Found a staircase to the Ecumenical Temple.
  3335 | D:4      | Reached XP level 6. HP: 49/50 MP: 8/8
  3377 | D:4      | Found a hazy altar of Hepliaklqana.
  3666 | D:4      | Got a heavily runed helmet
  3667 | D:4      | Identified the +3 helmet of Xarownek {+Blink Dex+3} (You
                  | found it on level 4 of the Dungeon)
  3829 | D:5      | Entered Level 5 of the Dungeon
  3879 | D:5      | Reached skill level 5 in Fighting
  3879 | D:5      | Reached skill level 5 in Throwing
  4455 | D:5      | Reached XP level 7. HP: 31/56 MP: 10/10
  4620 | D:6      | Noticed a hungry ghost
  4715 | D:6      | Killed a hungry ghost
  4729 | D:6      | Got a jewelled falchion
  4730 | D:6      | Identified the +5 falchion "Killer Klown's Death" {slice,
                  | rN+} (You found it on level 6 of the Dungeon)
  4813 | D:6      | Reached XP level 8. HP: 37/61 MP: 12/12
  4821 | D:6      | Gained mutation: Your muscles are strong. (Str +2) [potion
                  | of mutation]
  4821 | D:6      | Gained mutation: You have an increased reservoir of magic.
                  | (+10% MP) [potion of mutation]
  5142 | D:6      | Reached XP level 9. HP: 44/69 MP: 16/16
  5670 | D:7      | Noticed a manticore
  5686 | D:7      | HP: 3/69 [manticore (7)]
  5687 | D:7      | Slain by an iguana

Skill      XL: |  1  2  3  4  5  6  7  8 |
---------------+-------------------------+-----
Invocations    | 1 2 3 4 |  4.2
Short Blades   | 1 2 3 |  3.8
Long Blades    | 1 2 3 |  3.8
Axes           | 1 2 3 |  3.8
Maces & Flails | 1 2 3 |  3.8
Staves         | 1 2 3 |  3.8
Slings         | 1 2 3 |  3.8
Bows           | 1 2 3 |  3.8
Crossbows      | 1 2 3 |  3.8
Armour         | 1 2 3 |  3.8
Stealth        | 1 2 3 |  3.8
Shields        | 1 2 3 |  3.8
Unarmed Combat | 1 2 3 |  3.8
Spellcasting   | 1 2 3 |  3.8
Evocations     | 1 2 3 |  3.8
Conjurations   | 1 2 3 |  3.1
Hexes          | 1 2 3 |  3.1
Charms         | 1 2 3 |  3.1
Summonings     | 1 2 3 |  3.1
Necromancy     | 1 2 3 |  3.1
Translocations | 1 2 3 |  3.1
Transmutations | 1 2 3 |  3.1
Fire Magic     | 1 2 3 |  3.1
Ice Magic      | 1 2 3 |  3.1
Air Magic      | 1 2 3 |  3.1
Earth Magic    | 1 2 3 |  3.1
Poison Magic   | 1 2 3 |  3.1
Fighting       | 5 6 |  6.0
Throwing       | 5 6 |  6.0
Polearms       | 7 |  7.6
Dodging        | 7 |  7.6

Action                   |  1- 3 |  4- 6 |  7- 9 || total
-------------------------+-------+-------+-------++-------
Melee: Trident           |    98 |   193 |       ||   291
       Bite              |    11 |    23 |    21 ||    55
       Morningstar       |       |    33 |    56 ||    89
       Falchion          |       |       |    76 ||    76
       Punch             |       |       |     1 ||     1
  Use: Scroll            |       |    11 |     1 ||    12
       Potion            |       |     8 |     5 ||    13
 Stab: Sleeping          |       |     2 |     6 ||     8
  Eat: Ration            |     1 |     3 |     5 ||     9
Armor: Leather armour    |    13 |    61 |    44 ||   118
Dodge: Dodged            |    81 |   200 |   174 ||   455
       Rpst.: Falchion   |       |       |    24 ||    24
